 Dungeon Crawl Stone Soup version 0.26-a0-834-g69557b85cc (webtiles) character file.

Game seed: 13839514722499856649

77 robertstho the Magician (level 4, -7/24 HPs)
             Began as a Deep Elf Fire Elementalist on Nov 16, 2020.
             Mangled by Crazy Yiuf
             ... wielding a +4 quarterstaff of chaos
              (8 damage)
             ... while petrified by Crazy Yiuf
             ... on level 2 of the Dungeon.
             The game lasted 00:04:28 (1612 turns).

robertstho the Magician (DEFE)                      Turns: 1612, Time: 00:04:28

Health: -7/24      AC:  3    Str:  5    XL:     4   Next: 14%
Magic:  12/12      EV:  2    Int: 21    God:
Gold:   81         SH:  0    Dex: 15    Spells: 11/12 levels left

rFire    . . .     SeeInvis .   c - +0 spear (venom)
rCold    . . .     Faith    .   (no shield)
rNeg     + + +     Spirit   .   a - +0 robe
rPois    ∞         Reflect  .   (no helmet)
rElec    .         Harm     .   (no cloak)
rCorr    .         Rampage  .   (no gloves)
MR       .....                  j - +0 pair of boots
Stlth    ++........             (no amulet)
HPRegen  0.08/turn              (no ring)
MPRegen  0.13/turn              (no ring)

@: petrified, very slightly contaminated, invisible
A: no striking features
a: no special abilities


You were on level 2 of the Dungeon.
You visited 1 branch of the dungeon, and saw 2 of its levels.

You collected 81 gold pieces.

Inventory:

Hand Weapons
 b - a +1 dagger of speed
 c - a +0 spear of venom (weapon)
Armour
 a - a +0 robe (worn)
 j - a +0 pair of boots (worn)
Scrolls
 d - 2 scrolls of remove curse {unknown}
 e - a scroll of magic mapping {unknown}
 f - 3 scrolls of fear {unknown}
 h - a scroll of amnesia {unknown}
 k - a scroll of blinking {unknown}
 m - a scroll of identify {unknown}
Potions
 i - 2 potions of flight


   Skills:
 + Level 0.3 Fighting
 + Level 0.1 Short Blades
 + Level 2.5 Dodging
 + Level 2.7 Stealth
 * Level 4.5 Spellcasting
 + Level 1.3 Conjurations
 * Level 4.2 Fire Magic


You had 11 spell levels left.
You knew the following spells:

 Your Spells              Type           Power        Failure   Level
a - Foxfire               Conj/Fire      ###.         3%          1

Your spell library contained the following spells:

 Spells                   Type           Power        Failure   Level
 Conjure Flame            Conj/Fire      ###.....     11%         3
 Inner Flame              Hex/Fire       ##......     14%         3
 Sticky Flame             Conj/Fire      ###.....     34%         4
 Fireball                 Conj/Fire      ###.......   69%         5


Dungeon Overview and Level Annotations

Branches:
Dungeon (2/15)

Altars:

Annotations:
D:2 Crazy Yiuf


Message History

Crazy Yiuf laughs, "Line!
Action return to song illywillydillykilly."
Crazy Yiuf hits you with a +4 quarterstaff of chaos!
You are slowing down.
Casting: Foxfire (safe; 3% risk of failure)
Confirm with . or Enter, or press ? or * to list all spells.
You don't know that spell.
You closely miss Crazy Yiuf.
Crazy Yiuf laughs, "Earwax canine green!"
Crazy Yiuf hits you with a +4 quarterstaff of chaos!
* * * LOW HITPOINT WARNING * * *
Your limbs are stiffening.
Crazy Yiuf hits you with a +4 quarterstaff of chaos!
* * * LOW HITPOINT WARNING * * *
You fade into invisibility!
You are very lightly contaminated with residual magic.
You have turned to stone.
Crazy Yiuf hits you with a +4 quarterstaff of chaos.
* * * LOW HITPOINT WARNING * * *
You are electrocuted!
You die...

#.# #.# #.# #[# #.# ###.##
#######.)#.##### ###
###)#)..+.#.##....
#)))##@)#).....#.##.#..
#.))'g####P............
#)))### ##..+.#.##.#.. ###
######.##.##. .. #.##.##. ..#
#.##.##. ... ..##########
##.##.##. ... .........#.#
######...#.##. ..#
########.#.###...............


You could see Crazy Yiuf.

Vanquished Creatures
  Natasha (D:2)
  3 adders (D:2)
  2 dart slugs (D:2)
  4 bats
  4 goblins
  3 hobgoblins
  A frilled lizard (D:2)
  4 kobolds (D:1)
  3 rats
25 creatures vanquished.

Vanquished Creatures (others)
  79 foxfires
79 creatures vanquished.

Grand Total: 104 creatures vanquished

Notes
Turn   | Place    | Note
-------+----------+-------------------------------------------
     0 | D:1      | robertstho the Deep Elf Fire Elementalist began the quest
                  | for the Orb.
     0 | D:1      | Reached XP level 1. HP: 10/10 MP: 6/6
   498 | D:1      | Reached XP level 2. HP: 15/15 MP: 4/8
  1031 | D:2      | Reached XP level 3. HP: 19/19 MP: 6/10
  1231 | D:2      | Noticed Natasha
  1242 | D:2      | Killed Natasha
  1246 | D:2      | Reached XP level 4. HP: 6/24 MP: 1/12
  1267 | D:1      | HP: 1/24 [poisoned by an adder]
  1604 | D:2      | Found a runed translucent door.
  1605 | D:2      | Noticed Crazy Yiuf
  1612 | D:2      | HP: 1/24 [Crazy Yiuf/+4 quarterstaff of chaos (1)]
  1612 | D:2      | Mangled by Crazy Yiuf

Illustrated notes

Levels and vault maps discovered:
D:1:      scummos_arrival_forest, layout_basic
D:2:      layout_loops_ring, uniq_crazy_yiuf_cottage, uniq_natasha

Skill      XL: |  1  2  3 |
---------------+----------+-----
Fire Magic     | 4 |  4.2
Spellcasting   | 4 |  4.5
Fighting       | |  0.3
Short Blades   | |  0.1
Dodging        | |  2.5
Stealth        | |  2.7
Conjurations   | |  1.3

Action                   |  1- 3 |  4- 6 || total
-------------------------+-------+-------++-------
Melee: Dagger            |    18 |     5 ||    23
       Spear             |       |     2 ||     2
 Cast: Foxfire           |    50 |     1 ||    51
  Use: Potion            |       |     4 ||     4
Armor: Robe              |     5 |       ||     5
Dodge: Dodged            |    35 |     3 ||    38

Table legend: (Time is in decaauts)
 A = Elapsed time spent in this place.
 B = Non-inter-level travel time spent in this place.
 C = Inter-level travel time spent in this place.
 D = Time resting spent in this place.
 E = Time spent auto-exploring this place.
 F = Levels seen in this place.
 G = Mean time per level.
                   A        B        C        D        E       F      G
               +--------+--------+--------+--------+--------+-----+--------+
         Total |   1598 |   1564 |     34 |      0 |   1326 |   2 |  799.0 |
       Dungeon |   1598 |   1564 |     34 |      0 |   1326 |   2 |  799.0 |
               +--------+--------+--------+--------+--------+-----+--------+

Top non-repeatable levels by time:
     D:1: 1260 daAuts
     D:2: 337 daAuts
